 Dungeon Crawl Stone Soup version 0.30-a0-1163-gf69bf04e7a (webtiles) character file.

Game seed: 5745560474630211871

6209 kuroshi the Grappler (level 10, -7/94 HPs)
             Began as a Troll Monk on Apr 27, 2023.
             Was an Elder of Fedhas.
             Mangled by a fire elemental (11 damage)
             ... summoned by a deep elf pyromancer
             ... on level 10 of the Dungeon on Apr 28, 2023.
             The game lasted 00:40:24 (4803 turns).

kuroshi the Grappler (Troll Monk)                   Turns: 4803, Time: 00:40:28

Health: -7/94      AC:  9    Str: 31    XL:     10   Next: 61%
Magic:  0/18       EV: 12    Int:  6    God:    Fedhas [****..]
Gold:   324        SH:  0    Dex: 12    Spells: 9/9 levels left

rFire   . .          .
                       - Unarmed
rCold   + . .        S - orb {*Rage}
rNeg    . . .        g - +1 robe "Laritiz" {rC+ MP+9}
rPois   +            (helmet restricted)
rElec   .            (no cloak)
rCorr   .            (gloves unavailable)
SInv    +            (boots unavailable)
Will    .....        D - amulet of the Witching Gods {Spirit rPois Slay+2 SInv}
Stlth   ++           h - +4 ring of protection
HPRegen 1.15/turn    G - +6 ring of strength
MPRegen 0.16/turn

%: random rage (20%), guardian spirit
@: on berserk cooldown, slowed, very slow
A: large, unfitting armour, claws 3, regeneration 1, shaggy fur 1, tough skin 1
a: Renounce Religion, Wall of Briars, Grow Ballistomycete, Overgrow


You were on level 10 of the Dungeon.
You worshipped Fedhas.
Fedhas was greatly pleased with you.
You visited 2 branches of the dungeon, and saw 11 of its levels.

You collected 324 gold pieces.

Inventory:

Hand Weapons
 b - a +0 shortbow of flaming
 s - a +0 trident
 v - a +1 short sword of speed
 x - a +1 dagger of chaos
 E - a +0 short sword of holy wrath
 M - a +1 hand axe of flaming
Armour
 a - a +0 robe
 c - an orb of light
 e - a +0 chain mail
 g - the +1 robe "Laritiz" (worn) {rC+ MP+9}
   (You found it on level 4 of the Dungeon)

   rC:        It protects you from cold.
   MP:        It affects your magic capacity (+9).
 r - a +2 leather armour of poison resistance
 A - a +1 cloak
 C - +0 steam dragon scales
 S - an orb of wrath (worn)
Magical Staves
 H - a staff of fire
Jewellery
 h - a +4 ring of protection (left claw)
 k - a +4 ring of protection
 l - an amulet of magic regeneration
 D - the amulet of the Witching Gods (around neck) {Spirit rPois Slay+2 SInv}
   (You found it on level 6 of the Dungeon)

   [amulet of guardian spirit]

   It causes incoming damage to be divided between your reserves of health and
   magic.
   Slay:      It affects your accuracy & damage with ranged weapons and melee
   (+2).
   rPois:     It protects you from poison.
   SInv:      It lets you see invisible.
 G - a +6 ring of strength (right claw)
 O - a ring of magical power
Wands
 f - a wand of flame (17)
 i - a wand of roots (1)
 B - a wand of mindburst (8)
 J - a wand of paralysis (17)
Scrolls
 d - 3 scrolls of enchant armour
 m - a scroll of magic mapping
 n - a scroll of noise
 p - 2 scrolls of amnesia
 y - 3 scrolls of teleportation
 z - a scroll of vulnerability
 F - a scroll of immolation
 I - a scroll of fear {unknown}
 N - a scroll of brand weapon
Potions
 j - a potion of haste {unknown}
 o - a potion of berserk rage {unknown}
 q - 3 potions of mutation {unknown}
 t - a potion of magic {unknown}
 w - a potion of flight {unknown}
 K - a potion of brilliance {unknown}
 L - a potion of degeneration {unknown}
 P - a potion of lignification {unknown}
 Q - a potion of might {unknown}


   Skills:
 + Level 4.6 Fighting
 + Level 7.3 Dodging
 + Level 2.3 Stealth
 + Level 12.6 Unarmed Combat
 + Level 0.5 Evocations


You had 9 spell levels left.
You didn't know any spells.
Your spell library contained the following spells:

 Spells                   Type           Power      Damage    Failure   Level
 Magic Dart               Conj           0%         1d3       45%         1
 Call Imp                 Summ           0%         N/A       58%         2
 Mephitic Cloud           Conj/Pois/Air  0%         N/A       83%         3


Dungeon Overview and Level Annotations

Branches:
Dungeon (10/15)            Temple (1/1) D:6
   Lair: D:8-11         Orc: D:9-12

Altars:
Ashenzari
Cheibriados
Dithmenos
Elyvilon
Fedhas
Gozag
Hepliaklqana
Kikubaaqudgha
Makhleb
Nemelex Xobeh
Okawaru
Qazlal
Ru
Trog
Uskayaw
Vehumet
Xom
Yredelemnul
Zin
The Shining One

Shops:
D:3 *   D:5 *

Annotations:
D:8 2 runed translucent doors
D:9 exclusion: ice statue


Innate Abilities, Weirdness & Mutations

You are too large for most types of armour.
You have claws for hands.
Your natural rate of healing is unusually fast.
You are covered in fur. (AC +1)
You have tough skin. (AC +1)


Message History

* * * LOW HITPOINT WARNING * * *
The fire elemental closely misses you.
The gnoll sergeant hits you but does no damage.
The fire elemental barely misses you.
Items here: ))) †.
You mangle the fire elemental!!
The fire elemental is almost destroyed.
The fire elemental closely misses you. The fire elemental hits you.
The fire elemental burns you!
* * * LOW HITPOINT WARNING * * *
The fire elemental closely misses you.
You feel better. The fire elemental misses you. The fire elemental hits you.
The fire elemental burns you!
* * * LOW HITPOINT WARNING * * *
You mangle the fire elemental!!
You destroy the fire elemental!
The fire elemental disappears in a puff of smoke!
The fire elemental barely misses you. The fire elemental hits you.
The fire elemental burns you!
* * * LOW HITPOINT WARNING * * *
You claw the fire elemental!
The fire elemental is heavily damaged.
The fire elemental misses you.
You closely miss the fire elemental.
The fire elemental is heavily damaged.
The fire elemental hits you. The fire elemental burns you!
* * * LOW HITPOINT WARNING * * *
The fire elemental misses you.
You scratch the fire elemental.
The fire elemental is heavily damaged.
The fire elemental hits you. The fire elemental burns you!
* * * LOW HITPOINT WARNING * * *
You don't have enough magic at the moment.
Aiming: Mindburst
Press: ? - help, Q - select action, (/) - cycle Shift-Dir - straight line, f - fire elemental
Aim: a fire elemental (summoned, infinite will)
The fire elemental is unaffected.
The fire elemental hits you. The fire elemental burns you!
You die...
Fedhas appreciates your contribution to the ecosystem.

.......#.###...... ..
######....######.#...
#.....# #.# .
#.#.#.#####.#.####.
#...........#.....#
#.#.#.#####.>......
#.....# #.#.###.#
####### #.#.# ... #@#
# #.###E# ...#E# #
##.#.#°#.#.#
.......))..#
##.#.#.#.### ...#.#
#..☼..# #######


You could see 2 fire elementals.

Vanquished Creatures
  Pikel (D:4)
  A cyclops (D:6)
  Maurice (D:9)
  Psyche (D:8)
  A hornet (D:8)
  Grinder (D:3)
  Sigmund (D:6)
  3 yaks (D:10)
  2 wyverns
  Eustachio (D:6)
  2 steam dragons (D:6)
  Menkaure (D:6)
  Duvessa (D:5)
  3 orc warriors
  2 sky beasts (D:7)
  3 ice beasts (D:7)
  An ogre (D:6)
  2 lemures (D:4)
  5 centaurs
  3 phantoms
  2 bullfrogs (D:6)
  A scorpion (D:7)
  Dowan (D:5)
  A howler monkey (D:9)
  3 jellies
  4 orc priests
  9 hounds
  Terence (D:2)
  Natasha (twice) (D:2)
  3 iguanas
  11 orc wizards
  13 gnolls
  5 adders
  2 shadow imps
  A white imp (D:7)
  A worm (D:2)
  4 dart slugs
  22 orcs
  2 bats (D:2)
  4 endoplasms
  3 giant cockroaches
  7 goblins
  3 hobgoblins
  3 jackals (D:4)
  8 kobolds
  5 quokkas
  5 ball pythons
  A frilled lizard (D:1)
  10 rats
173 creatures vanquished.

Vanquished Creatures (others)
  An orc wizard (D:9)
1 creature vanquished.

Grand Total: 174 creatures vanquished

Notes
Turn   | Place    | Note
-------+----------+-------------------------------------------
     0 | D:1      | kuroshi the Troll Monk began the quest for the Orb.
     0 | D:1      | Reached XP level 1. HP: 22/22 MP: 0/0
   162 | D:1      | Reached XP level 2. HP: 28/29 MP: 1/1
   535 | D:2      | Noticed Terence
   540 | D:2      | Killed Terence
   541 | D:2      | Reached XP level 3. HP: 36/36 MP: 2/2
   617 | D:2      | Upgraded the game from 0.30-a0-1161-g0704695555 to
                  | 0.30-a0-1163-gf69bf04e7a
   660 | D:2      | Noticed Natasha
   665 | D:2      | Killed Natasha
   666 | D:2      | Reached skill level 4 in Unarmed Combat
   666 | D:2      | Reached XP level 4. HP: 44/44 MP: 3/3
   915 | D:2      | Noticed Natasha
   919 | D:2      | Killed Natasha
  1063 | D:3      | Reached XP level 5. HP: 43/52 MP: 4/4
  1103 | D:3      | Found Guler's Assorted Antiques.
  1228 | D:3      | Noticed Grinder
  1236 | D:3      | Paralysed by Grinder for 5 turns
  1245 | D:3      | Paralysed by Grinder for 2 turns
  1278 | D:3      | Killed Grinder
  1279 | D:3      | Reached skill level 5 in Unarmed Combat
  1279 | D:3      | Reached XP level 6. HP: 61/61 MP: 5/5
  1464 | D:3      | Reached skill level 6 in Unarmed Combat
  1803 | D:3      | Found a snail-covered altar of Cheibriados.
  1804 | D:3      | Found a blossoming altar of Fedhas.
  1811 | D:3      | Became a worshipper of Fedhas Madash
  1811 | D:3      | Reached * piety under Fedhas
  1811 | D:3      | Reached ** piety under Fedhas
  1923 | D:4      | Noticed Pikel
  1990 | D:4      | Killed Pikel
  1991 | D:4      | Reached skill level 1 in Stealth
  1991 | D:4      | Reached skill level 7 in Unarmed Combat
  1991 | D:4      | Reached XP level 7. HP: 40/67 MP: 6/6
  2021 | D:4      | Identified the +1 robe "Laritiz" {rC+ MP+9}
  2301 | D:5      | Entered Level 5 of the Dungeon
  2318 | D:5      | Reached XP level 8. HP: 75/75 MP: 7/7
  2361 | D:5      | Noticed Duvessa
  2365 | D:5      | Noticed Dowan
  2400 | D:5      | Killed Duvessa
  2401 | D:5      | Reached skill level 8 in Unarmed Combat
  2402 | D:5      | Killed Dowan
  2478 | D:5      | Reached skill level 5 in Dodging
  2494 | D:5      | Reached *** piety under Fedhas
  2589 | D:5      | Found Hah Angu's Mayhem Merchandise.
  2680 | D:6      | Noticed Sigmund
  2706 | D:6      | Killed Sigmund
  2707 | D:6      | Reached skill level 9 in Unarmed Combat
  2735 | D:6      | Found a staircase to the Ecumenical Temple.
  2748 | D:6      | Noticed Menkaure
  2762 | Temple   | Entered the Ecumenical Temple
  3025 | D:6      | Noticed a cyclops
  3037 | D:6      | Reached XP level 9. HP: 80/84 MP: 8/8
  3111 | D:6      | Killed a cyclops
  3112 | D:6      | Reached skill level 10 in Unarmed Combat
  3133 | D:6      | Identified the amulet of the Witching Gods {Spirit rPois
                  | Slay+2 SInv}
  3188 | D:6      | Killed Menkaure
  3314 | D:6      | Noticed Eustachio
  3336 | D:6      | Killed Eustachio
  3550 | D:7      | Reached skill level 11 in Unarmed Combat
  3595 | D:7      | Reached **** piety under Fedhas
  3768 | D:7      | Reached XP level 10. HP: 93/94 MP: 9/9
  3853 | D:8      | Found a large runed translucent door.
  3853 | D:8      | Found a large runed translucent door.
  3878 | D:8      | Noticed Psyche
  3886 | D:8      | Killed Psyche
  3899 | D:8      | Found a hazy altar of Hepliaklqana.
  4281 | D:9      | Reached skill level 12 in Unarmed Combat
  4344 | D:9      | Noticed Maurice
  4364 | D:9      | Killed Maurice
  4553 | D:9      | Noticed an ice statue
  4700 | D:10     | Entered Level 10 of the Dungeon
  4776 | D:10     | Noticed a deep elf pyromancer
  4802 | D:10     | HP: 2/94 [fire elemental[a deep elf pyromancer] (7)]
  4803 | D:10     | Mangled by a fire elemental

Illustrated notes

Levels and vault maps discovered:
D:1:      ncdulo_smallfort, layout_basic
D:2:      layout_loops_ring, hangedman_feature_mirror, uniq_terence,
          uniq_natasha
D:3:      layout_basic, gammafunk_temple_overflow_statue, serial_shops, shop,
          uniq_grinder
D:4:      layout_loops_ring, minmay_rat_hole, uniq_pikel
D:5:      layout_rooms, roderic_serpentine_path, minmay_shop_mayhem,
          uniq_duvessa
D:6:      minmay_clustersquares, layout_rooms, minmay_temple_entry_arrows,
          serial_corexii_hall, corexii_hall_statues_s,
          chequers_hall_statues_corner_a, corexii_hall_statues_deadend,
          bh_walls_and_bars, uniq_eustachio, uniq_menkaure, uniq_sigmund
D:7:      layout_rooms
D:8:      layout_loops_corners, mainiacjoe_overflow_chevrons,
          jmf_multi_god_temple2, uniq_psyche
D:9:      layout_irregular_city, dpeg_oklobed_lair, minivault_15, uniq_harold,
          uniq_maurice, uniq_prince_ribbit1
D:10:     layout_loops_ring, orc_0_dummy, serial_glass, glass_columns_a,
          glass_columns_a, glass_columns_a, glass_columns_a, glass_columns_a,
          glass_columns_a, glass_columns_a, glass_columns_b, feat_on_display,
          due_unseen_surprise, item_on_display_a, minmay_strange_pillars,
          gammafunk_ghost_nasty_kobolds, chequers_garden
Temple:   minmay_temple_bridge_d

Skill      XL: |  1  2  3  4  5  6  7  8  9 10 |
---------------+-------------------------------+-----
Dodging        | 3 4 5 6 7 |  7.3
Unarmed Combat | 4 5 7 9 11 12 | 12.6
Fighting       | 3 4 |  4.6
Stealth        | 1 2 |  2.3
Evocations     | |  0.5

Action                     |  1- 3 |  4- 6 |  7- 9 | 10-12 || total
---------------------------+-------+-------+-------+-------++-------
  Melee: Unarmed           |    56 |   114 |   238 |   106 ||   514
         Punch             |       |     1 |    12 |     5 ||    18
  Evoke: Wand              |       |       |     3 |     1 ||     4
    Use: Scroll            |     1 |       |     9 |     2 ||    12
         Potion            |       |     2 |       |     6 ||     8
   Stab: Invisible         |       |     4 |       |       ||     4
         Sleeping          |       |       |     1 |       ||     1
 Armour: Robe              |    12 |    67 |   147 |    49 ||   275
  Dodge: Dodged            |    19 |   105 |   161 |    80 ||   365

Table legend: (Time is in decaauts)
 A = Elapsed time spent in this place.
 B = Non-inter-level travel time spent in this place.
 C = Inter-level travel time spent in this place.
 D = Time resting spent in this place.
 E = Time spent auto-exploring this place.
 F = Levels seen in this place.
 G = Mean time per level.
                   A        B        C        D        E       F      G
               +--------+--------+--------+--------+--------+-----+--------+
         Total |   4745 |   1339 |   3406 |      0 |      0 |  11 |  431.4 |
       Dungeon |   4493 |   1337 |   3156 |      0 |      0 |  10 |  449.3 |
        Temple |    252 |      2 |    250 |      0 |      0 |   1 |  252.0 |
               +--------+--------+--------+--------+--------+-----+--------+

Top non-repeatable levels by time:
     D:3: 891 daAuts
     D:6: 609 daAuts
     D:1: 531 daAuts
     D:2: 480 daAuts
     D:9: 445 daAuts
     D:8: 392 daAuts
     D:4: 377 daAuts
     D:5: 330 daAuts
     D:7: 319 daAuts
  Temple: 252 daAuts
    D:10: 115 daAuts
